AoeStats
← TiTanus21

Black Forest

508457482Analyzed
3v3 RM · 10d ago on Sep 22, 2026· 64m 35s· 6 players
Game mode
Random Map
Map size
Normal (6 player)
Population
200
Speed
Normal
Resources
Standard
Victory
Conquest
Starting age
Dark Age
Ending age
Imperial Age
RankedLock teamsTeams togetherTeam positionsShared explorationLock speedFull tech treeHidden civsTurbo modeCheats
Victory
Defeat
🇪🇸 Romans · Spain
824
+20
🇰🇷 Goths · South Korea
771
+22
🇵🇪 Celts · Peru
764
+22
🇨🇿 Italians · Czechia
920
-22
🇨🇿 Burgundians · Czechia
910
-21
🇨🇿 Bulgarians · Czechia
900
-21
Hallvardr
6:49 Loom
13:21 Feudal Age
12:05 Loom
13:48 Horse Collar
13:54 Double-Bit Axe
14:36 Town Watch
16:59 Fishing Lines
24:10 Castle Age
23:47 Stone Mining
24:25 Forging
24:17 Scale Mail Armor
25:22 Heavy Plow
25:35 Bow Saw
26:24 Wheelbarrow
26:50 Squires
26:16 Man-at-Arms
27:14 Gillnets
27:56 Gold Mining
29:18 Gold Shaft Mining
32:14 Hand Cart
35:18 Imperial Age
33:13 Long Swordsman
34:03 Town Patrol
35:26 Fletching
36:11 Iron Casting
35:52 Chain Mail Armor
36:29 Conscription
36:15 Bodkin Arrow
37:21 Murder Holes
37:12 Legionary
40:16 Comitatenses
41:11 Blast Furnace
43:41 Ballistics
44:22 Chemistry
43:32 Masonry
43:45 Caravan
44:27 Pikeman
44:56 Halberdier
47:02 Fortified Wall
47:25 Architecture
47:08 Fortified Wall
47:45 Guilds
rananculus
0:30 Loom
14:11 Feudal Age
17:37 Double-Bit Axe
24:10 Castle Age
22:01 Horse Collar
22:15 Gold Mining
22:31 Stone Mining
23:02 Man-at-Arms
23:46 Scale Mail Armor
24:07 Forging
26:55 Wheelbarrow
26:06 Town Watch
28:35 Bow Saw
28:47 Long Swordsman
28:47 Pikeman
29:28 Squires
32:27 Fishing Lines
33:30 Heavy Plow
36:34 Imperial Age
35:19 Hand Cart
36:11 Chain Mail Armor
36:32 Iron Casting
35:22 Pikeman
38:11 Anarchy
38:12 Perfusion
38:32 Conscription
38:36 Town Patrol
38:42 Two-Handed Swordsman
40:10 Stone Shaft Mining
39:28 Heavy Scorpion
42:20 Blast Furnace
40:45 Champion
42:10 Ballistics
42:55 Chemistry
44:32 Two-Man Saw
44:18 Crop Rotation
43:14 Halberdier
44:27 Murder Holes
44:42 Masonry
44:40 Onager
45:43 Elite Huskarl
49:14 Architecture
HEBERT27
0:39 Loom
15:28 Feudal Age
16:57 Wheelbarrow
17:45 Horse Collar
17:56 Double-Bit Axe
20:50 Castle Age
21:01 Pikeman
24:34 Hand Cart
26:25 Bow Saw
33:25 Imperial Age
33:47 Heavy Plow
34:02 Caravan
35:41 Chemistry
36:23 Conscription
36:36 Furor Celtica
37:00 Ballistics
36:34 Halberdier
37:22 Murder Holes
39:10 Heavy Scorpion
43:00 Siege Engineers
43:18 Onager
50:38 Siege Onager
53:42 Hoardings
TiTanus21
0:48 Loom
12:50 Feudal Age
13:18 Double-Bit Axe
14:10 Horse Collar
20:47 Castle Age
19:57 Forging
21:54 Bow Saw
24:45 Stone Mining
27:49 Scale Mail Armor
27:43 Fletching
32:16 Wheelbarrow
32:22 Wheelbarrow
32:02 Gambesons
32:18 Squires
32:58 Iron Casting
32:19 Bodkin Arrow
32:43 Chain Mail Armor
34:19 Padded Archer Armor
33:42 Elite Skirmisher
35:35 Caravan
36:35 Hand Cart
40:47 Imperial Age
38:35 Murder Holes
39:01 Ballistics
52:36 Blast Furnace
52:07 Plate Mail Armor
51:16 Capped Ram
51:22 Pikeman
Furthad
0:43 Loom
7:28 Double-Bit Axe
9:41 Wheelbarrow
9:08 Horse Collar
12:44 Feudal Age
11:54 Horse Collar
12:20 Gold Mining
13:37 Wheelbarrow
16:05 Bow Saw
18:41 Caravan
19:30 Gold Shaft Mining
19:51 Stone Mining
21:30 Stone Shaft Mining
21:17 Hand Cart
23:50 Castle Age
23:03 Hand Cart
26:01 Forging
25:59 Scale Barding Armor
26:48 Guilds
27:14 Burgundian Vineyards
27:13 Husbandry
26:35 Cavalier
31:38 Iron Casting
31:25 Chain Barding Armor
32:39 Fletching
33:16 Ballistics
34:57 Heavy Plow
36:01 Two-Man Saw
35:50 Bodkin Arrow
38:53 Imperial Age
39:35 Masonry
40:18 Crop Rotation
40:23 Conscription
41:07 Paladin
44:42 Hoardings
45:41 Chemistry
45:14 Architecture
46:38 Blast Furnace
47:42 Fortified Wall
47:53 Bombard Tower
52:31 Light Cavalry
61:06 Plate Barding Armor
DUR4 Charlie
0:26 Loom
12:15 Feudal Age
13:01 Double-Bit Axe
12:59 Horse Collar
15:57 Fletching
18:54 Castle Age
17:25 Fletching
17:36 Padded Archer Armor
20:14 Bow Saw
20:15 Heavy Plow
20:19 Bodkin Arrow
23:22 Crossbowman
25:18 Ballistics
24:54 Murder Holes
27:01 Thumb Ring
30:08 Silk Road
29:32 Pikeman
30:13 Squires
29:58 Arson
35:14 Imperial Age
32:33 Town Watch
32:30 Elite Skirmisher
33:52 Wheelbarrow
34:02 Forging
33:53 Scale Mail Armor
34:11 Leather Archer Armor
35:44 Gold Mining
35:45 Stone Mining
36:58 Chemistry
36:00 Bracer
36:31 Ring Archer Armor
36:14 Arbalester
40:31 Iron Casting
40:11 Chain Mail Armor
42:24 Elite Genoese Crossbowman
43:26 Conscription
Connection lost

Rejoining the realm…

Still unreachable

The connection could not be restored.

Session expired

The server has moved on; the page needs a fresh start.